 Dungeon Crawl Stone Soup version 0.26-a0-651-gb41185065b (webtiles) character file.

Game seed: 17811412292471197092

8554 Flugslaktarn the Cleaver (level 11, 0/104 HPs)
             Began as a Deep Dwarf Fighter on Oct 11, 2020.
             Was a Priest of Makhleb.
             Slain by Snorg (15 damage)
             ... on level 10 of the Dungeon.
             The game lasted 00:04:07 (5410 turns).

Flugslaktarn the Cleaver (Deep Dwarf Fighter)       Turns: 5410, Time: 00:04:07

Health: 0/104      AC: 16    Str: 20    XL:     11   Next: 11%
Magic:  9/9        EV:  6    Int:  9    God:    Makhleb [***...]
Gold:   550        SH:  9    Dex: 17    Spells: 10/10 levels left

rFire    . . .     SeeInvis .   a - +0 war axe
rCold    . . .     Faith    .   c - +0 kite shield
rNeg     . . .     Spirit   .   f - +0 plate armour
rPois    +         Reflect  .   (no helmet)
rElec    .         Harm     .   (no cloak)
rCorr    .         Rampage  .   (no gloves)
MR       ++...     Clarity  +   (no boots)
Stlth    ..........             l - amulet of Dabekh {RegenMP rPois}
HPRegen  0.00/turn              m - ring of protection from magic
MPRegen  0.36/turn              p - +4 ring of protection

@: non-regenerating, heavily drained
A: damage resistance, heal wounds, thin skeletal structure 1, clarity, sense
surroundings 2, no regeneration
a: Heal Wounds, Minor Destruction, Lesser Servant of Makhleb, Renounce Religion


You were on level 10 of the Dungeon.
You worshipped Makhleb.
Makhleb was most pleased with you.
You visited 1 branch of the dungeon, and saw 10 of its levels.

You collected 550 gold pieces.

Inventory:

Hand Weapons
 a - a +0 war axe (weapon)
 n - a +2 vampiric hand axe
   (You took it off an orc on level 4 of the Dungeon)
Armour
 c - a +0 kite shield (worn)
 f - a +0 plate armour (worn)
   (You found it on level 6 of the Dungeon)
Jewellery
 l - the amulet of Dabekh (around neck) {RegenMP rPois}
   (You found it on level 5 of the Dungeon)

   [amulet of magic regeneration]

   It increases your magic regeneration.
   It protects you from poison.
 m - a ring of protection from magic (left hand)
   (You found it on level 5 of the Dungeon)
 p - a +4 ring of protection (right hand)
   (You took it off an orc on level 4 of the Dungeon)
 y - an uncursed ring of ice {unknown}
   (You found it on level 10 of the Dungeon)
Wands
 j - a wand of iceblast (5)
   (You found it on level 4 of the Dungeon)
Scrolls
 e - 3 scrolls of magic mapping {unknown}
 h - 2 scrolls of enchant weapon {unknown}
 k - 2 scrolls of fog {unknown}
 r - 8 scrolls of identify
 t - a scroll of fear {unknown}
 w - a scroll of enchant armour {unknown}
 x - 5 scrolls of remove curse
Potions
 b - 4 potions of stabbing {unknown}
 d - 2 potions of might
 g - a potion of heal wounds {unknown}
 i - a potion of berserk rage
 o - 3 potions of haste {unknown}
 q - 2 potions of degeneration {unknown}
 s - 2 potions of flight {unknown}
 u - 4 potions of curing {unknown}
 v - a potion of magic {unknown}
 z - a potion of resistance {unknown}


   Skills:
 * Level 8.8(7.1) Fighting
 * Level 10.1(8.4) Axes
 + Level 7.7(6.1) Armour
 + Level 6.1(4.5) Dodging
 - Level 4.3(2.8) Shields
 + Level 6.7(5.2) Invocations
 + Level 6.8(5.3) Evocations


You had 10 spell levels left.
You didn't know any spells.
Your spell library was empty.

Dungeon Overview and Level Annotations

Branches:
Dungeon (10/15)            Temple (0/1) D:6            Lair (0/6) D:9
    Orc: D:9-12

Altars:
Dithmenos
Kikubaaqudgha
Makhleb
Okawaru
Ru
Trog
Wu Jian
Jiyva

Shops:
D:4 (

Annotations:
D:5 2 runed translucent doors, p0werm0de's ghost, novice GrFi
D:10 Snorg


Innate Abilities, Weirdness & Mutations

You are resistant to damage.
You can heal yourself by infusing magical energy.
You passively map the area around you.
You do not regenerate.
You have a somewhat thin skeletal structure. (Dex +2, Stealth)
You possess an exceptional clarity of mind.


Message History

The mass of ice explodes!
The iceblast engulfs Snorg!!
Snorg is almost dead.
Evoke which item? (* to show all) (? for menu, Esc to quit)
Aiming: Iceblast
Press: ? - help, Shift-Dir - straight line, f/p - Snorg
Aim: Snorg (almost dead, berserk) That beam is likely to hit you.
Continue anyway?
The mass of ice explodes!
The iceblast engulfs Snorg!
Snorg is almost dead.
The iceblast engulfs you!!
* * * LOW HITPOINT WARNING * * *
You block Snorg's attack. Snorg completely misses you.
Snorg claws you but does no damage.
Unknown command.
You feel much better. Snorg bites you!
* * * LOW HITPOINT WARNING * * *
Snorg claws you!
* * * LOW HITPOINT WARNING * * *
Snorg barely misses you. Snorg bites you!!
You die...

#..####
##'###########
#............#
#............#####
#............'..##
#............##5.#
#............###.#
#............###.'
#@T......>....####
#............#.###
#...........#.#.5.
#########+.#...#.#
#........#.....#)
*##+#####|.#.≈≈≈.#.
...<......#≈...≈#.
*..........#≈._.≈#.
..........#≈...≈#.


You could see Snorg (berserk).

Vanquished Creatures
  Josephine (D:10)
  A two-headed ogre (D:9)
  An unseen horror (D:10)
  2 trolls (D:9)
  2 hippogriffs
  Eustachio (D:5)
  Grum (D:10)
  4 wraiths (D:10)
  Menkaure (D:5)
  2 porcupines (D:9)
  A sky beast (D:10)
  2 black bears
  5 ice beasts
  2 orc warriors (D:9)
  2 phantoms
  3 wolves (D:10)
  3 ogres
  4 centaurs
  2 big kobolds
  A water moccasin zombie (D:10)
  10 bullfrogs
  A scorpion (D:8)
  9 wights (D:9)
  3 howler monkeys
  A bullfrog zombie (D:5)
  5 hounds
  2 quasits
  6 jellies
  6 orc wizards
  3 centaur skeletons
  4 orc priests
  An iguana (D:9)
  10 worker ants
  A worker ant zombie (D:10)
  6 gnolls
  6 adders
  4 shadow imps
  4 white imps
  An ufetubus (D:5)
  2 adder skeletons (D:8)
  A dart slug (D:2)
  3 leopard geckos
  36 orcs
  2 bats (D:1)
  3 giant cockroaches
  7 goblins
  4 hobgoblins
  2 jackals (D:10)
  A quokka (D:7)
  A giant cockroach zombie (D:6)
  23 kobolds
  A quokka skeleton (D:5)
  3 rats (D:1)
213 creatures vanquished.

Vanquished Creatures (collateral kills)
  A hornet (D:10)
  A hound zombie (D:10)
2 creatures vanquished.

Vanquished Creatures (others)
  A jackal (D:10)
  7 fungi (D:9)
  13 plants
21 creatures vanquished.

Grand Total: 236 creatures vanquished

Notes
Turn   | Place    | Note
-------+----------+-------------------------------------------
     0 | D:1      | Flugslaktarn the Deep Dwarf Fighter began the quest for the
                  | Orb.
     0 | D:1      | Reached XP level 1. HP: 20/20 MP: 1/1
   107 | D:1      | Reached XP level 2. HP: 21/27 MP: 2/2
   259 | D:3      | Reached XP level 3. HP: 27/34 MP: 3/3
   295 | D:3      | Reached skill level 3 in Axes
   318 | D:3      | Reached XP level 4. HP: 17/42 MP: 3/3
   409 | D:4      | Found a bloodstained altar of Trog.
   410 | D:4      | Found Xinifiss's Antique Weapon Shoppe.
   418 | D:4      | Reached XP level 5. HP: 46/50 MP: 4/4
   482 | D:4      | Noticed an ogre
   486 | D:4      | Killed an ogre
   486 | D:4      | Reached skill level 4 in Axes
   884 | D:4      | Found an ornate altar of the Wu Jian Council.
   889 | D:4      | Reached XP level 6. HP: 28/57 MP: 5/5
   990 | D:5      | Entered Level 5 of the Dungeon
  1147 | D:5      | Reached skill level 5 in Axes
  1147 | D:5      | Reached skill level 1 in Dodging
  1149 | D:5      | Found a runed translucent door.
  1158 | D:5      | Noticed p0werm0de's ghost (novice GrFi)
  1188 | D:5      | Found a runed translucent door.
  1189 | D:5      | Noticed Eustachio
  1198 | D:5      | Noticed an ice beast
  1263 | D:5      | Killed an ice beast
  1263 | D:5      | Reached XP level 7. HP: 30/66 MP: 5/5
  1279 | D:5      | Killed Eustachio
  1279 | D:5      | Reached skill level 5 in Fighting
  1343 | D:5      | Reached skill level 5 in Armour
  1358 | D:5      | Found a burning altar of Makhleb.
  1543 | D:5      | Became a worshipper of Makhleb the Destroyer
  1681 | D:5      | Reached skill level 1 in Invocations
  1690 | D:5      | Got an ancient sapphire amulet
  1749 | D:5      | Noticed Menkaure
  1757 | D:5      | Killed Menkaure
  1757 | D:5      | Reached skill level 6 in Axes
  1757 | D:5      | Reached skill level 1 in Evocations
  1764 | D:5      | Identified the amulet of Dabekh {RegenMP rPois} (You found
                  | it on level 5 of the Dungeon)
  1779 | D:5      | Gained mutation: You have a somewhat thin skeletal
                  | structure. (Dex +2, Stealth) [potion of mutation]
  1779 | D:5      | Gained mutation: You possess an exceptional clarity of
                  | mind. [potion of mutation]
  2016 | D:5      | Reached XP level 8. HP: 36/75 MP: 7/7
  2206 | D:6      | Found an ancient bone altar of Kikubaaqudgha.
  2426 | D:6      | Found a staircase to the Ecumenical Temple.
  2789 | D:7      | Noticed a hippogriff
  2798 | D:7      | Killed a hippogriff
  2798 | D:7      | Reached skill level 7 in Axes
  3264 | D:7      | Found an iron altar of Okawaru.
  3266 | D:7      | Reached * piety under Makhleb
  3425 | D:8      | Found a viscous altar of Jiyva.
  3504 | D:8      | Gained mutation: You passively map the area around you.
                  | [Deep Dwarf growth]
  3504 | D:8      | Reached XP level 9. HP: 41/84 MP: 8/8
  3835 | D:8      | Found a shadowy altar of Dithmenos.
  3959 | D:8      | Found a bloodstained altar of Trog.
  4157 | D:9      | Reached skill level 8 in Axes
  4160 | D:9      | Reached ** piety under Makhleb
  4205 | D:9      | Noticed a troll
  4217 | D:9      | Reached skill level 5 in Evocations
  4260 | D:9      | Noticed a troll
  4272 | D:9      | Killed a troll
  4272 | D:9      | Reached skill level 5 in Invocations
  4304 | D:9      | Reached XP level 10. HP: 55/94 MP: 9/9
  4393 | D:9      | Reached skill level 5 in Dodging
  4437 | D:9      | Noticed a two-headed ogre
  4468 | D:9      | Killed a two-headed ogre
  4468 | D:9      | Reached skill level 9 in Axes
  4488 | D:9      | Reached *** piety under Makhleb
  4747 | D:9      | Found a staircase to the Lair.
  4783 | D:10     | Entered Level 10 of the Dungeon
  4825 | D:10     | Killed an unseen horror
  4889 | D:10     | Noticed Grum
  4908 | D:10     | Killed Grum
  4937 | D:10     | Found a sacrificial altar of Ru.
  5029 | D:10     | Reached **** piety under Makhleb
  5068 | D:10     | Noticed Josephine
  5093 | D:10     | Killed Josephine
  5093 | D:10     | Reached skill level 10 in Axes
  5093 | D:10     | Reached XP level 11. HP: 48/104 MP: 9/9
  5393 | D:10     | Noticed Snorg
  5410 | D:10     | Slain by Snorg

Illustrated notes

Levels and vault maps discovered:
D:1:      lightli_arrival_chessboard, layout_basic
D:2:      layout_basic, kennysheep_generic_room_15, uniq_natasha
D:3:      wander_river, layout_basic, small_statue_intersection,
          serial_bayou_pond_e
D:4:      layout_loops_ring, kennysheep_little_box, serial_shops, shop,
          trog_three_pillars_becter
D:5:      layout_basic, lemuel_round_altar, ebering_ghost_sewer_f,
          minmay_crossroads, uniq_eustachio, uniq_menkaure
D:6:      layout_cave_pools, kiku_gazebo_pond_becter,
          minmay_temple_entry_gardened_gates
D:7:      layout_loops_corners, okawaru_altar_gauntlet_db
D:8:      layout_loops_ring, lightli_temple_of_fire, basic_altar, jiyva_altar_1
D:9:      layout_rooms, grunt_lair_entry_orc_guard_hut
D:10:     layout_roguey, erik_orc_1, nicolae_ru_awakened_eye, uniq_grum,
          uniq_josephine, uniq_snorg

Skill      XL: |  1  2  3  4  5  6  7  8  9 10 |
---------------+-------------------------------+-----
Fighting       | 3 4 5 6 7 8 |  8.8
Axes           | 3 4 5 6 7 8 10 | 10.1
Armour         | 4 5 6 7 |  7.7
Shields        | 4 |  4.3
Dodging        | 1 2 3 4 6 |  6.1
Invocations    | 1 3 5 6 |  6.7
Evocations     | 1 3 5 6 |  6.8

Action                   |  1- 3 |  4- 6 |  7- 9 | 10-12 || total
-------------------------+-------+-------+-------+-------++-------
Melee: War axe           |    95 |    65 |   408 |   318 ||   886
       Hand axe          |       |    76 |       |       ||    76
Invok: Lesser Servant of |       |       |       |     5 ||     5
 Abil: Heal Wounds       |     2 |     8 |    12 |    16 ||    38
Evoke: Wand              |       |       |       |     5 ||     5
  Use: Scroll            |       |       |     5 |       ||     5
       Potion            |       |       |     1 |       ||     1
Armor: Scale mail        |    44 |   109 |    62 |       ||   215
       Plate armour      |       |       |   282 |   209 ||   491
Dodge: Dodged            |    37 |   102 |   149 |   104 ||   392
Block: Kite shield       |    50 |   118 |   278 |   193 ||   639

Table legend: (Time is in decaauts)
 A = Elapsed time spent in this place.
 B = Non-inter-level travel time spent in this place.
 C = Inter-level travel time spent in this place.
 D = Time resting spent in this place.
 E = Time spent auto-exploring this place.
 F = Levels seen in this place.
 G = Mean time per level.
                   A        B        C        D        E       F      G
               +--------+--------+--------+--------+--------+-----+--------+
         Total |   5670 |   5437 |    233 |      0 |   3654 |  10 |  567.0 |
       Dungeon |   5670 |   5437 |    233 |      0 |   3654 |  10 |  567.0 |
               +--------+--------+--------+--------+--------+-----+--------+

Top non-repeatable levels by time:
     D:5: 1089 daAuts
     D:7: 822 daAuts
     D:8: 770 daAuts
    D:10: 708 daAuts
     D:9: 667 daAuts
     D:4: 652 daAuts
     D:6: 558 daAuts
     D:1: 258 daAuts
     D:3: 119 daAuts
     D:2: 23 daAuts
